 Dungeon Sprint DCSS version 0.19-a0-1568-gdd01aac (webtiles) character file.

142277 Kidiri the Imperceptible (level 16, -5/86 HPs)
             Began as a Spriggan Enchanter on Sept 15, 2016.
             Was the Champion of Dithmenos.
             Killed by a guardian mummy's death curse (27 damage)
             ... in the Dungeon (Sprint III: "The Ten Rune Challenge").
             The game lasted 00:58:31 (12454 turns).

Kidiri the Imperceptible (Spriggan Enchanter)      Turns: 12454, Time: 00:58:32

Health: -5/86      AC:  6    Str:  4    XL:     16   Next: 16%
Magic:  14/40      EV: 35    Int: 33    God:    Dithmenos [******]
Gold:   1185       SH: 10    Dex: 16    Spells: 11 memorised, 6 levels left

rFire  + + .     SeeInvis +     E - +7 quick blade
rCold  + + +     Gourm    .     v - +2 robe {rC+ rF+}
rNeg   . . .     Faith    .     z - +1 buckler
rPois  .         Spirit   .     u - +2 hat {Int+3}
rElec  .         Dismiss  .     (no cloak)
rCorr  .         Reflect  +     (gloves unavailable)
MR     ++...     Harm     .     (boots unavailable)
Stlth  ++++++++++ NoTele   +    y - +2 amulet of reflection
                                d - ring of Eternal Harmony {+Fly rF+ rC++ Int+4 Dex-2}
                                x - +4 ring of intelligence

@: wreathed by umbra, deflect missiles, very quick
A: unfitting armour, see invisible, cold resistance 1, herbivore 3, speed 3,
slow metabolism 2
a: Shadow Step, Shadow Form, Renounce Religion, Evoke Flight
}: 2/10 runes: decaying, serpentine


You were in the Dungeon.
You worshipped Dithmenos.
Dithmenos was exalted by your worship.
You were not hungry.

You visited 1 branch You collected 3266 gold pieces.
You spent 2081 gold pieces at shops.

Inventory:

Hand Weapons
 E - a +7 quick blade (weapon)
Missiles
 l - 11 throwing nets (quivered)
Armour
 u - a +2 hat of intelligence (worn)
 v - a +2 robe of resistance (worn)
 z - a +1 buckler (worn)
 G - the +4 moon troll leather armour {Spirit, Regen++ MP+5}
   (You took it off a deep elf annihilator in the Dungeon)

   It affects your magic capacity (+5).
   It increases your rate of regeneration.
Jewellery
 d - the ring of Eternal Harmony (right hand) {+Fly rF+ rC++ Int+4 Dex-2}
   (You bought it in a shop in the Dungeon)

   [ring of flight]

   It affects your intelligence (+4).
   It affects your dexterity (-2).
   It protects you from fire.
   It greatly protects you from cold.
   It lets you fly.
 e - the ring "Hatule Rope" {rCorr rC+}
   (You found it in the Dungeon)

   [ring of resist corrosion]

   It protects you from cold.
 x - a +4 ring of intelligence (left hand)
 y - a +2 amulet of reflection (around neck)
Wands
 c - a wand of enslavement (14/24)
 i - a wand of iceblast (7/15)
 B - a wand of slowing (32/48)
 C - a wand of iceblast (7/15)
 R - a wand of hasting (6/9)
Scrolls
 a - 2 scrolls of recharging
 j - 2 scrolls of blinking
 n - a scroll of remove curse
 L - 5 scrolls of amnesia
Potions
 f - 2 potions of degeneration
 g - 2 potions of haste
 h - a potion of magic
 k - 2 potions of berserk rage
 m - 2 potions of might
 p - 5 potions of cure mutation
 q - a potion of lignification
 s - a potion of ambrosia
 t - 2 potions of flight
Books
 T - a book of the Sky

   Spells                             Type                      Level
   a - Summon Lightning Spire         Summoning/Air                4
   b - Airstrike                      Air                          4
   c - Silence                        Hexes/Air                    5
   d - Deflect Missiles               Charms/Air                   6
   e - Conjure Ball Lightning         Conjuration/Air              6
   f - Tornado                        Air                          9
Comestibles
 o - 25 royal jellies


   Skills:
 + Level 10.3 Fighting
 * Level 17.6 Short Blades
 + Level 9.5 Armour
 * Level 22.0 Dodging
 * Level 23.8 Stealth
 + Level 4.6 Shields
 * Level 19.0 Spellcasting
 + Level 9.3 Conjurations
 + Level 14.5 Hexes
 + Level 9.4 Ice Magic
 + Level 10.2 Air Magic
 * Level 6.6 Earth Magic
 + Level 11.0 Poison Magic
 - Level 3.1 Invocations
 + Level 7.5 Evocations


You had 6 spell levels left.
You knew the following spells:

 Your Spells              Type           Power        Failure   Level  Hunger
a - Corona                Hex            #######      0%          1    None
b - Ensorcelled Hibernat  Hex/Ice        ######       0%          2    None
c - Confuse               Hex            #######.     0%          3    None
d - Tukima's Dance        Hex            #######.     0%          3    None
e - Dazzling Spray        Conj/Hex       ######       1%          3    None
f - Mephitic Cloud        Conj/Pois/Air  #######.     1%          3    None
g - Freezing Cloud        Conj/Ice/Air   #######...   4%          6    None
h - Poisonous Cloud       Conj/Pois/Air  #######...   3%          6    None
i - Lee's Rapid Deconstr  Erth           ######....   2%          5    None
j - Shatter               Erth           ######....   100%        9    ######.
k - Deflect Missiles      Chrm/Air       ######....   30%         6    None


Dungeon Overview and Level Annotations

Branches:
Dungeon (1/1)

Altars:
Cheibriados
Dithmenos
Elyvilon
Fedhas
Gozag
Hepliaklqana
Kikubaaqudgha
Makhleb
Nemelex Xobeh
Okawaru
Qazlal
Ru
Sif Muna
Trog
Uskayaw
Vehumet
Xom
Yredelemnul
Zin
The Shining One
Beogh
Jiyva
Lugonu

Shops:
D ?}[*?}(*[%(}%=:?!??

Annotations:
D exclusion: door


Innate Abilities, Weirdness & Mutations

You are tiny and cannot use many weapons and most armour.
You have supernaturally acute eyesight. (SInv)
You are a herbivore.
You cover ground extremely quickly.
You need consume almost no food.
Your flesh is cold resistant. (rC+)


Message History

Confirm with . or Enter, or press ? or * to list all spells.
Aiming: Dazzling Spray
Press: ? - help, Shift-Dir - straight line, f/p - guardian mummy
Aim: a guardian mummy (black smoke, heavily damaged, umbra)
The spray of energy hits the guardian mummy.
The guardian mummy is severely damaged.
Casting: Dazzling Spray
Confirm with . or Enter, or press ? or * to list all spells.
Aiming: Dazzling Spray
Press: ? - help, Shift-Dir - straight line, f/p - guardian mummy
Aim: a guardian mummy (black smoke, severely damaged, umbra)
The spray of energy hits the guardian mummy.
The guardian mummy is almost destroyed.
Your shadow mimicks your spell!
The shadow shard hits the guardian mummy.
You destroy the guardian mummy!
Dithmenos accepts your kill.
You feel extremely nervous for a moment...
You convulse helplessly as pain tears through your body!
You die...

####^...###..#≈≈.#
...^.....(#..#≈≈.#
'▓▓▓▓▓▓▓▓▓▓▓▓▓▓▓▓▓
..#.......^.^..^.#
.^#.....^^..^^§§§#
..#..##########§§#
..#^^# #§§# ^.#..#
#§§# ..#..# #§@#
..#^.# #§§# ..#..#
#§§# ..#..#
....M...^# ..'.^#
.........# ######
##########


You could see a friendly shadow.

Vanquished Creatures
  Sojobo (D)
  2 liches (D)
  Rupert (D)
  A deep elf master archer (D)
  2 sphinxes (D)
  Frances (D)
  Gastronok (D)
  Chuck (D)
  2 shadow dragons (D)
  A greater naga (D)
  Donald (D)
  4 azure jellies (D)
  A cacodemon (D)
  2 deep elf annihilators (D)
  A deep elf demonologist (D)
  2 dire elephants (D)
  A deep elf death mage (D)
  A fire dragon (D)
  3 mummy priests (D)
  A deep elf high priest (D)
  Erolcha (D)
  2 ice dragons (D)
  2 hydras (D)
  A naga warrior (D)
  6 anacondas (D)
  2 centaur warriors (D)
  4 dancing weapons (D)
  4 death yaks (D)
  Urug (D)
  An iron golem (D)
  A deep elf knight (D)
  4 hell knights (D)
  A death drake (D)
  A skeletal warrior (D)
  A spriggan druid (D)
  2 obsidian statues (D)
  A lindwurm (D)
  An orc sorcerer (D)
  5 deep elf magi (D)
  7 ugly things (D)
  2 elephants (D)
  4 black mambas (D)
  A guardian serpent (D)
  2 spiny frogs (D)
  A rime drake (D)
  A komodo dragon (D)
  11 guardian mummies (D)
  3 wandering mushrooms (D)
  4 spriggan defenders (D)
  2 tyrant leeches (D)
  3 orc high priests (D)
  6 slime creatures (D)
  8 blink frogs (D)
  2 spriggans (D)
  A shadow (D)
  5 redbacks (D)
  2 hill giants (D)
  2 hydra simulacra (D)
  A spatial vortex (D)
  2 nagas (D)
  5 water moccasins (D)
  A floating eye (shapeshifter) (D)
  A swamp drake (D)
  2 black mamba simulacra (D)
  A fire dragon simulacrum (D)
  A necrophage (D)
  3 two-headed ogres (D)
  A water elemental (D)
  20 killer bees (D)
  A jelly (D)
  An orc priest (D)
  3 orc wizards (D)
  Jessica (D)
  2 necromancers (D)
  A wizard (D)
  3 humans (D)
  A kobold demonologist (D)
  5 adders (D)
  2 oozes (D)
  2 swamp drake simulacra (D)
  A phantom (D)
  11 orcs (D)
  A rat (D)
  3 bushes (D)
  5 plants (D)
219 creatures vanquished.

Vanquished Creatures (collateral kills)
  An ogre mage (D)
  An orc high priest (D)
  An orc sorcerer (D)
  10 killer bees (D)
  An orc wizard (D)
14 creatures vanquished.

Vanquished Creatures (others)
  2 draconian scorchers (D)
  A yaktaur captain (D)
  A hydra (D)
  A deep elf knight (D)
  6 hellions (D)
  3 yaktaurs (D)
  A guardian mummy (D)
  A queen bee (D)
  A dancing weapon (D)
  2 killer bees (D)
  An electric eel (D)
  A bush (D)
  7 plants (D)
28 creatures vanquished.

Grand Total: 261 creatures vanquished

Notes
Turn   | Place    | Note
-------+----------+-------------------------------------------
     0 | D        | Kidiri the Spriggan Enchanter began the quest for the Orb.
     0 | D        | Reached XP level 1. HP: 9/9 MP: 5/5
    44 | D        | Killed a yaktaur
    97 | D        | Killed a hellion
   107 | D        | Killed a hellion
   107 | D        | Killed a hellion
   108 | D        | Killed a hellion
   165 | D        | Killed a hellion
   180 | D        | Killed a hellion
   196 | D        | Killed a white draconian scorcher
   198 | D        | Killed a white draconian scorcher
   256 | D        | Reached skill level 5 in Stealth
   256 | D        | Reached XP level 2. HP: 14/14 MP: 7/7
   260 | D        | Learned a level 2 spell: Ensorcelled Hibernation
   337 | D        | Noticed Jessica
   341 | D        | Killed Jessica
   341 | D        | Reached skill level 1 in Fighting
   341 | D        | Reached skill level 5 in Dodging
   341 | D        | Reached skill level 6 in Stealth
   341 | D        | Reached XP level 3. HP: 18/18 MP: 5/9
   348 | D        | Learned a level 3 spell: Confuse
   352 | D        | Learned a level 3 spell: Tukima's Dance
   562 | D        | Reached skill level 1 in Armour
   589 | D        | Gained mutation: Your flesh is cold resistant. (rC+) [potion of mutation]
   589 | D        | Gained mutation: You are somewhat resistant to further mutation. [potion of mutation]
   591 | D        | Lost mutation: You are somewhat resistant to further mutation. [potion of mutation]
   591 | D        | Gained mutation: Your muscles are strong. (Str +2) [potion of mutation]
   636 | D        | Noticed a water elemental
   654 | D        | Killed a water elemental
   654 | D        | Reached skill level 7 in Stealth
   654 | D        | Reached skill level 5 in Spellcasting
   654 | D        | Reached skill level 5 in Hexes
   654 | D        | Reached XP level 4. HP: 18/23 MP: 12/12
   679 | D        | Learned a level 3 spell: Dazzling Spray
   815 | D        | Found a basalt altar of Yredelemnul.
   815 | D        | Found a shadowy altar of Dithmenos.
   815 | D        | Found a sacrificial altar of Ru.
   815 | D        | Noticed a necrophage
   817 | D        | Reached skill level 8 in Stealth
   817 | D        | Reached XP level 5. HP: 26/26 MP: 14/14
   818 | D        | Killed a necrophage
   818 | D        | Reached skill level 5 in Short Blades
   818 | D        | Reached skill level 1 in Conjurations
   824 | D        | Became a worshipper of Dithmenos the Shadowed
   833 | D        | Found a hide-covered altar of Uskayaw.
   833 | D        | Found a roughly hewn altar of Beogh.
   833 | D        | Found an iron altar of Okawaru.
   833 | D        | Found a bloodstained altar of Trog.
   833 | D        | Noticed a human
   834 | D        | Noticed a human
   836 | D        | Killed a human
   836 | D        | Reached skill level 9 in Stealth
   836 | D        | Reached skill level 1 in Invocations
   836 | D        | Reached XP level 6. HP: 32/32 MP: 15/17
   837 | D        | Killed a human
   837 | D        | Reached skill level 10 in Stealth
   853 | D        | Found a glowing silver altar of Zin.
   854 | D        | Found a glowing golden altar of the Shining One.
   854 | D        | Found a white marble altar of Elyvilon.
   854 | D        | Noticed a deep elf mage
   856 | D        | Killed a deep elf mage
   856 | D        | Reached * piety under Dithmenos
   856 | D        | Reached skill level 10 in Dodging
   856 | D        | Reached skill level 11 in Stealth
   856 | D        | Reached XP level 7. HP: 37/37 MP: 18/20
   872 | D        | Found a radiant altar of Vehumet.
   873 | D        | Found a deep blue altar of Sif Muna.
   873 | D        | Found an ancient bone altar of Kikubaaqudgha.
   885 | D        | Learned a level 3 spell: Mephitic Cloud
   892 | D        | Learned a level 6 spell: Freezing Cloud
   911 | D        | Noticed a shadow
   913 | D        | Killed a shadow
   913 | D        | Reached ** piety under Dithmenos
   913 | D        | Reached XP level 8. HP: 42/42 MP: 22/22
   942 | D        | Found a blossoming altar of Fedhas.
   942 | D        | Found a stormy altar of Qazlal.
   943 | D        | Found a snail-covered altar of Cheibriados.
   943 | D        | Found a burning altar of Makhleb.
   943 | D        | Found a hazy altar of Hepliaklqana.
   943 | D        | Found a shimmering altar of Xom.
   943 | D        | Found an opulent altar of Gozag.
   943 | D        | Found a sparkling altar of Nemelex Xobeh.
   943 | D        | Found a corrupted altar of Lugonu.
   943 | D        | Found a viscous altar of Jiyva.
   951 | D        | Reached skill level 1 in Ice Magic
   951 | D        | Reached skill level 1 in Poison Magic
  1089 | D        | Reached skill level 12 in Stealth
  1089 | D        | Reached skill level 1 in Air Magic
  1106 | D        | Reached *** piety under Dithmenos
  1259 | D        | Noticed Erolcha
  1261 | D        | Killed Erolcha
  1261 | D        | Reached skill level 13 in Stealth
  1261 | D        | Reached skill level 10 in Spellcasting
  1261 | D        | Reached XP level 9. HP: 46/46 MP: 22/24
  1262 | D        | Reached **** piety under Dithmenos
  1275 | D        | Learned a level 6 spell: Poisonous Cloud
  1400 | D        | Noticed a queen bee
  1414 | D        | Reached ***** piety under Dithmenos
  1459 | D        | Killed a queen bee
  1459 | D        | Reached skill level 5 in Fighting
  1482 | D        | Reached ****** piety under Dithmenos
  1698 | D        | Reached skill level 14 in Stealth
  1848 | D        | Noticed a wandering mushroom
  1849 | D        | Noticed a wandering mushroom
  1849 | D        | Noticed a wandering mushroom
  1850 | D        | Killed a wandering mushroom
  1850 | D        | Reached skill level 10 in Short Blades
  1855 | D        | Killed a wandering mushroom
  1855 | D        | Reached XP level 10. HP: 51/51 MP: 13/26
  1973 | D        | Noticed a spiny frog
  1973 | D        | Noticed a spiny frog
  1978 | D        | Killed a spiny frog
  1984 | D        | Reached skill level 5 in Armour
  1987 | D        | Killed a spiny frog
  2171 | D        | Reached skill level 15 in Stealth
  2204 | D        | Noticed a lindwurm
  2207 | D        | Killed a lindwurm
  2217 | D        | Noticed Urug
  2219 | D        | Killed Urug
  2254 | D        | Noticed an eight-headed hydra
  2254 | D        | Noticed a five-headed hydra
  2337 | D        | Killed an eight-headed hydra
  2422 | D        | Killed a five-headed hydra
  2422 | D        | Reached skill level 5 in Conjurations
  2422 | D        | Reached skill level 5 in Poison Magic
  2422 | D        | Reached XP level 11. HP: 56/56 MP: 20/28
  2483 | D        | Noticed a death drake
  2485 | D        | Killed a death drake
  2485 | D        | Reached skill level 16 in Stealth
  2507 | D        | Found a blossoming altar of Fedhas.
  2507 | D        | Noticed a spriggan druid
  2529 | D        | Killed a spriggan druid
  2631 | D        | Noticed an ice dragon
  2633 | D        | Killed an ice dragon
  2633 | D        | Reached skill level 15 in Dodging
  2633 | D        | Reached skill level 10 in Hexes
  2655 | D        | Noticed an ice dragon
  2658 | D        | Found Dafizxez's Magic Scroll Emporium.
  2658 | D        | Found Huyc's Gadget Shop.
  2658 | D        | Found Ruson's Antique Weapon Shoppe.
  2659 | D        | Killed an ice dragon
  2659 | D        | Reached skill level 5 in Ice Magic
  2713 | D        | Reached skill level 5 in Air Magic
  2862 | D        | Noticed Rupert
  2867 | D        | Killed Rupert
  2867 | D        | Reached skill level 17 in Stealth
  2930 | D        | Noticed a death yak
  2931 | D        | Noticed a death yak
  2932 | D        | Noticed an azure jelly
  2932 | D        | Noticed a death yak
  2932 | D        | Noticed an azure jelly
  2932 | D        | Noticed a death yak
  2934 | D        | Killed a death yak
  2935 | D        | Killed a death yak
  2951 | D        | Killed a death yak
  2951 | D        | Reached XP level 12. HP: 63/63 MP: 7/30
  3355 | D        | Killed a death yak
  3355 | D        | Reached skill level 18 in Stealth
  3437 | D        | Noticed an anaconda
  3449 | D        | Killed an anaconda
  3464 | D        | Noticed an anaconda
  3470 | D        | Killed an anaconda
  3591 | D        | Noticed an anaconda
  3591 | D        | Noticed an anaconda
  3593 | D        | Killed an anaconda
  3594 | D        | Noticed an anaconda
  3595 | D        | Killed an anaconda
  3596 | D        | Noticed an anaconda
  3598 | D        | Killed an anaconda
  3600 | D        | Killed an anaconda
  3709 | D        | Noticed a naga warrior
  3709 | D        | Noticed a greater naga
  3709 | D        | Found Uwyh's Magic Scroll Boutique.
  3709 | D        | Found Ziehaupo's Gadget Emporium.
  3942 | D        | Killed a greater naga
  3942 | D        | Reached skill level 15 in Spellcasting
  4026 | D        | Reached skill level 19 in Stealth
  4210 | D        | Noticed an azure jelly
  4210 | D        | Noticed an azure jelly
  4217 | D        | Killed an azure jelly
  4219 | D        | Killed an azure jelly
  4241 | D        | Killed an azure jelly
  4241 | D        | Reached XP level 13. HP: 45/68 MP: 18/33
  4280 | D        | Killed an azure jelly
  4396 | D        | Noticed a dire elephant
  4396 | D        | Noticed a dire elephant
  4396 | D        | Noticed Gastronok
  4718 | D        | Found Husiecy's Antique Armour Shop.
  4731 | D        | Got a serpentine rune of Zot
  4800 | D        | Killed Gastronok
  4801 | D        | Killed a dire elephant
  4801 | D        | Reached skill level 20 in Stealth
  4803 | D        | Killed a dire elephant
  5247 | D        | Found Oshruq's General Store.
  5552 | D        | Reached skill level 15 in Short Blades
  6008 | D        | Noticed a deep elf demonologist
  6068 | D        | Noticed a deep elf annihilator
  6070 | D        | Noticed a deep elf death mage
  6169 | D        | Got a brightly glowing trident {speed}
  6173 | D        | Identified the cursed +1 trident "Jellyslayer" {speed, rElec MR+ Str+4} (You took it off a deep elf mage in the Dungeon)
  6288 | D        | Noticed a deep elf annihilator
  6301 | D        | Killed a deep elf annihilator
  6405 | D        | Noticed a deep elf master archer
  6412 | D        | Noticed a reaper
  6513 | D        | Killed a deep elf annihilator
  6953 | D        | Noticed Donald
  6953 | D        | Noticed Frances
  6955 | D        | Killed Donald
  6955 | D        | Reached skill level 21 in Stealth
  6956 | D        | Killed Frances
  7055 | D        | Found Iggije's Food Emporium.
  7055 | D        | Found Waarocs's Book Shop.
  7055 | D        | Found Kesoe's Magic Scroll Shoppe.
  7055 | D        | Found Xeawk's Gadget Boutique.
  7055 | D        | Found Tyxkabb's Jewellery Emporium.
  7055 | D        | Found Sots's Magic Scroll Shop.
  7055 | D        | Found Ycruasathri's Distillery.
  7055 | D        | Found Iqykyge's Magic Scroll Boutique.
  7056 | D        | Found Iruhipp's Antique Weapon Boutique.
  7056 | D        | Found Ylif's Food Shoppe.
  7056 | D        | Found Jeariu's Antique Armour Shop.
  7056 | D        | Found Pawif's Assorted Antiques.
  7096 | D        | Bought the ring of Eternal Harmony {+Fly rF+ rC++ Int+4 Dex-2} for 691 gold pieces
  7096 | D        | Bought a +4 ring of intelligence for 351 gold pieces
  7096 | D        | Bought a +2 amulet of reflection for 325 gold pieces
  7105 | D        | Bought a buckler for 148 gold pieces
  7219 | D        | Reached XP level 14. HP: 75/75 MP: 36/36
  7261 | D        | Reached skill level 1 in Shields
  7407 | D        | Got a dazzling quick blade
  7408 | D        | Identified the +5 quick blade of Valour {antimagic, Stlth+} (You found it in the Dungeon)
  7816 | D        | Reached skill level 1 in Evocations
  7931 | D        | Got a slimy flail {venom}
  7931 | D        | Got a faintly humming scale mail
  7938 | D        | Identified the +3 flail of No Interval {venom, +Rage rN+ Str-3 Int+2} (You took it off a deep elf high priest in the Dungeon)
  8111 | D        | Killed a deep elf master archer
  8111 | D        | Reached skill level 22 in Stealth
  8337 | D        | Got a slimy lead amulet
  8344 | D        | Identified the Compendium of Doomed Earth
  8387 | D        | Identified the amulet of Tupeom {Harm *Drain +Inv rPois Str+5 Int-2} (You found it in the Dungeon)
  8418 | D        | Learned a level 5 spell: Lee's Rapid Deconstruction
  8428 | D        | Learned a level 9 spell: Shatter
  8438 | D        | Learned a level 6 spell: Deflect Missiles
  8814 | D        | Reached skill level 1 in Earth Magic
  8821 | D        | Got a decaying rune of Zot
  9180 | D        | Noticed Chuck
  9188 | D        | Reached skill level 10 in Poison Magic
  9200 | D        | Killed Chuck
  9208 | D        | Got a crude brass ring
  9227 | D        | Identified the ring "Hatule Rope" {rCorr rC+} (You found it in the Dungeon)
  9399 | D        | Bought a scroll of identify for 24 gold pieces
  9399 | D        | Bought a scroll of identify for 24 gold pieces
  9399 | D        | Bought a scroll of enchant armour for 90 gold pieces
  9399 | D        | Bought a scroll of enchant armour for 90 gold pieces
  9401 | D        | Reached XP level 15. HP: 80/80 MP: 37/37
  9404 | D        | Bought a scroll of enchant armour for 90 gold pieces
  9406 | D        | Bought a scroll of identify for 26 gold pieces
  9406 | D        | Bought a scroll of identify for 26 gold pieces
  9406 | D        | Bought a scroll of identify for 26 gold pieces
  9412 | D        | Bought a scroll of identify for 22 gold pieces
  9412 | D        | Bought a scroll of identify for 22 gold pieces
  9412 | D        | Bought a scroll of enchant weapon for 82 gold pieces
  9412 | D        | Bought 2 scrolls of identify for 44 gold pieces
  9475 | D        | Noticed Sojobo
  9976 | D        | Killed Sojobo
 10153 | D        | Noticed a lich
 10166 | D        | Killed a lich
 10381 | D        | Noticed a shadow dragon
 10382 | D        | Noticed a shadow dragon
 10474 | D        | Killed a shadow dragon
 10474 | D        | Reached skill level 5 in Evocations
 10525 | D        | Reached skill level 23 in Stealth
 10764 | D        | Killed a shadow dragon
 10764 | D        | Reached skill level 10 in Fighting
 11107 | D        | Reached skill level 5 in Earth Magic
 11301 | D        | Noticed a lich
 11303 | D        | Killed a lich
 11323 | D        | Noticed a sphinx
 11323 | D        | Noticed a sphinx
 11324 | D        | Reached skill level 10 in Air Magic
 11324 | D        | Reached XP level 16. HP: 85/85 MP: 34/39
 11346 | D        | Paralysed by a sphinx for 7 turns
 11351 | D        | Killed a sphinx
 11353 | D        | Killed a sphinx
 12434 | D        | Lost mutation: Your muscles are strong. (Str +2) [a cacodemon]
 12454 | D        | Killed by a guardian mummy's death curse

Vault maps used:
D:        dungeon_sprint_mu

Skill      XL: |  1  2  3  4  5  6  7  8  9 10 11 12 13 14 15 16 |
---------------+-------------------------------------------------+-----
Spellcasting   | 3 4 5 7 8 9 10 11 12 13 15 17 18 19 | 19.0
Short Blades   | 2 3 4 6 7 9 10 11 12 14 15 16 17 | 17.6
Dodging        | 4 5 6 7 8 10 11 13 14 16 18 19 20 21 22 | 22.0
Stealth        | 5 6 7 8 9 11 13 14 15 17 19 21 22 23 | 23.8
Fighting       | 1 2 3 4 5 6 7 8 9 10 | 10.3
Hexes          | 4 5 6 7 8 9 10 11 12 13 14 | 14.5
Armour         | 1 2 3 4 5 6 7 8 9 |  9.5
Conjurations   | 1 2 3 4 5 6 7 8 9 |  9.3
Invocations    | 1 3 |  3.1
Ice Magic      | 2 3 4 5 6 8 9 |  9.4
Poison Magic   | 2 3 5 6 8 9 10 11 | 11.0
Air Magic      | 2 3 4 5 7 8 9 10 | 10.2
Shields        | 3 4 |  4.6
Evocations     | 3 6 7 |  7.5
Earth Magic    | 2 5 6 |  6.6

Action                   |  1- 3 |  4- 6 |  7- 9 | 10-12 | 13-15 | 16-18 || total
-------------------------+-------+-------+-------+-------+-------+-------++-------
Melee: Dagger            |    42 |     5 |    31 |    81 |   124 |       ||   283
       Quick blade       |       |       |       |       |    53 |    17 ||    70
 Cast: Corona            |     7 |       |       |       |       |       ||     7
       Ensorcelled Hiber |     3 |       |    21 |    35 |    15 |       ||    74
       Dazzling Spray    |       |       |    12 |    39 |   138 |    31 ||   220
       Tukima's Dance    |       |       |     4 |     1 |    16 |       ||    21
       Mephitic Cloud    |       |       |     4 |     4 |     1 |       ||     9
       Poisonous Cloud   |       |       |       |     4 |    12 |       ||    16
       Freezing Cloud    |       |       |       |       |    31 |     2 ||    33
       Deflect Missiles  |       |       |       |       |     1 |       ||     1
       Confuse           |       |       |       |       |     1 |       ||     1
       Lee's Rapid Decon |       |       |       |       |     1 |       ||     1
Invok: Shadow Step       |       |       |     2 |    12 |    15 |     5 ||    34
 Abil: Evoke Flight      |       |       |       |       |     7 |       ||     7
Evoke: Box of beasts     |       |       |       |       |     1 |       ||     1
  Use: Potion            |     4 |       |       |     2 |     3 |       ||     9
       Scroll            |     4 |       |       |       |    16 |       ||    20
 Stab: Sleeping          |     3 |     5 |    22 |    44 |    39 |    10 ||   123
       Invisible         |       |       |     2 |     1 |     8 |     2 ||    13
       Confused          |       |       |       |     4 |       |       ||     4
       Distracted        |       |       |       |     1 |       |       ||     1
  Eat: Fruit             |       |       |       |     9 |     1 |     1 ||    11
       Bread ration      |       |       |       |       |     1 |       ||     1
Armor: Robe              |     2 |       |     2 |       |     8 |     3 ||    15
Dodge: Dodged            |    25 |       |    51 |    74 |   152 |    26 ||   328
       Deflected         |       |       |       |       |     4 |       ||     4
Block: Buckler           |       |       |       |       |    26 |    10 ||    36
       Reflection        |       |       |       |       |     2 |       ||     2
